AoeStats
← Kebabs&Roses

Fortress

510116533Analyzed
4v4 RM · 1d ago on Sep 29, 2026· 12m 48s· 8 players
Game mode
Random Map
Map size
Huge
Population
200
Speed
Normal
Resources
Standard
Victory
Conquest
Starting age
Dark Age
Ending age
Imperial Age
RankedLock teamsTeams togetherTeam positionsShared explorationLock speedFull tech treeHidden civsTurbo modeCheats
Victory
Defeat
🇭🇰 Mongols · Hong Kong SAR China
1287
+9
🇨🇳 Lithuanians · China
1236
+11
🇮🇳 Magyars · India
1122
+16
🇭🇰 Spanish · Hong Kong SAR China
1118
+16
🇵🇪 Saracens · Peru
1152
-14
🇨🇴 Britons · Colombia
1144
-14
🇹🇷 Mongols · Türkiye
1102
-12
🇫🇷 Portuguese · France
1100
-12
Elfelo
7:59 Feudal Age
12:21 Castle Age
10:31 Double-Bit Axe
10:28 Horse Collar
11:57 Gold Mining
steven.gimenez
1:15 Loom
10:19 Feudal Age
14:18 Castle Age
Kebabs&Roses
7:29 Feudal Age
8:59 Double-Bit Axe
11:31 Castle Age
9:40 Horse Collar
12:46 Bow Saw
12:48 Loom
El Botascha 2.0
2:03 Loom
7:30 Feudal Age
8:05 Double-Bit Axe
13:45 Castle Age
慈溪牛牛
8:32 Feudal Age
6:50 Loom
12:23 Castle Age
10:26 Double-Bit Axe
10:55 Horse Collar
11:13 Gold Mining
13:34 Bow Saw
小时候的曾经
7:09 Feudal Age
11:00 Castle Age
9:43 Double-Bit Axe
9:38 Horse Collar
12:10 Bow Saw
12:33 Heavy Plow
慈溪咕噜猫
8:06 Feudal Age
7:36 Loom
11:59 Castle Age
10:10 Double-Bit Axe
10:10 Horse Collar
12:34 Loom
13:16 Bow Saw
慈溪大头
7:49 Feudal Age
11:57 Castle Age
9:58 Double-Bit Axe
9:55 Horse Collar
10:09 Gold Mining
10:26 Stone Mining
12:56 Bow Saw
12:49 Heavy Plow
Connection lost

Rejoining the realm…

Still unreachable

The connection could not be restored.

Session expired

The server has moved on; the page needs a fresh start.